AoeStats
← PunKY

Arabia

507572436Analyzed
1v1 RM · 13d ago on Sep 18, 2026· 44m 58s· 2 players
Game mode
Random Map
Map size
Tiny (2 player)
Population
200
Speed
Normal
Resources
Standard
Victory
Conquest
Starting age
Dark Age
Ending age
Imperial Age
RankedLock teamsTeams togetherTeam positionsShared explorationLock speedFull tech treeHidden civsTurbo modeCheats
Victory
Defeat
🇨🇴 Vietnamese · Colombia
1296
+15
🇦🇷 Franks · Argentina
1268
-15
PunKY
6:27 Loom
11:50 Feudal Age
12:29 Double-Bit Axe
13:28 Fletching
14:49 Padded Archer Armor
18:00 Wheelbarrow
22:14 Castle Age
22:37 Scale Barding Armor
23:48 Chain Barding Armor
23:59 Forging
26:08 Iron Casting
28:58 Husbandry
41:46 Imperial Age
40:11 Bow Saw
42:10 Bodkin Arrow
41:37 Elite Skirmisher
43:25 Plate Barding Armor
42:14 Cavalier
43:58 Leather Archer Armor
Son Goku
6:31 Loom
9:41 Feudal Age
10:49 Double-Bit Axe
15:18 Horse Collar
16:20 Fletching
17:04 Padded Archer Armor
18:11 Gold Mining
23:01 Castle Age
22:25 Forging
22:21 Scale Barding Armor
23:13 Bloodlines
24:43 Chain Barding Armor
27:17 Pikeman
27:43 Arson
30:59 Wheelbarrow
30:40 Bow Saw
30:49 Heavy Plow
36:36 Imperial Age
34:41 Scale Mail Armor
35:17 Iron Casting
35:15 Bodkin Arrow
37:56 Hand Cart
39:13 Plate Barding Armor
38:53 Chain Mail Armor
39:24 Town Watch
39:19 Halberdier
39:59 Squires
39:52 Cavalier
41:11 Town Patrol
42:15 Two-Man Saw
41:45 Bracer
42:28 Plate Mail Armor
Connection lost

Rejoining the realm…

Still unreachable

The connection could not be restored.

Session expired

The server has moved on; the page needs a fresh start.